 Dungeon Crawl Stone Soup version 0.19.5 (webtiles) character file.

66 HAWKINGL3623 the Stinger (level 3, -2/14 HPs)
             Began as a Felid Venom Mage on May 3, 2017.
             Was an Initiate of Okawaru.
             Slain by an orc priest
             ... wielding a +0 hand axe
              (8 damage)
             ... on level 3 of the Dungeon on May 4, 2017.
             The game lasted 00:11:34 (3395 turns).

HAWKINGL3623 the Stinger (Felid Venom Mage)         Turns: 3395, Time: 00:11:34

Health: -2/14      AC:  3    Str:  4    XL:     3   Next: 96%
Magic:  3/7        EV: 18    Int: 16    God:    Okawaru [......]
Gold:   72         SH:  0    Dex: 17    Spells: 2 memorised, 2 levels left
                                        Lives:  0   Deaths: 0

rFire  . . .     SeeInvis +       - Unarmed
rCold  . . .     Gourm    .     (armour unavailable)
rNeg   . . .     Faith    .     (shield unavailable)
rPois  .         Spirit   .     (helmet unavailable)
rElec  .         Reflect  .     (cloak unavailable)
rCorr  .         Harm     .     (gloves unavailable)
MR     +....     Rnd*Rage +     (boots unavailable)
Stlth  ++++......               (no amulet)
                                (no ring)
                                g - ring of stealth

@: quick
A: no armour, no weapons or thrown items, stealth, claws 1, fangs 3, molten
scales 1, see invisible, berserk 1, carnivore 3, speed 1, magic resistance 1,
screaming 1, shaggy fur 1, slow metabolism 1, sharp paws
a: Renounce Religion


You were on level 3 of the Dungeon.
You worshipped Okawaru.
Okawaru was noncommittal.
You were hungry.

You visited 1 branch of the dungeon, and saw 3 of its levels.

You collected 72 gold pieces.

Inventory:

Jewellery
 g - a ring of stealth (left paw)
Scrolls
 c - a scroll of blinking
 f - a scroll of recharging
 h - a scroll of amnesia
Potions
 d - a potion of might
 e - a potion of ambrosia
Books
 a - a Young Poisoner's Handbook

   Spells                             Type                      Level
   a - Sting                          Conjuration/Poison           1
   b - Mephitic Cloud                 Conjuration/Poison/Air       3
   c - Olgreb's Toxic Radiance        Poison                       4
   d - Alistair's Intoxication        Transmutation/Poison         5
   e - Venom Bolt                     Conjuration/Poison           5
Comestibles
 b - 4 meat rations


   Skills:
 + Level 0.2 Fighting
 + Level 3.3 Dodging
 + Level 2.9 Stealth
 + Level 1.2 Unarmed Combat
 + Level 2.3 Spellcasting
 + Level 0.6 Conjurations
 + Level 4.1 Poison Magic


You had 2 spell levels left.
You knew the following spells:

 Your Spells              Type           Power        Failure   Level  Hunger
a - Sting                 Conj/Pois      #...         10%         1    #......
b - Mephitic Cloud        Conj/Pois/Air  #.......     34%         3    ###....


Dungeon Overview and Level Annotations

Branches:
Dungeon (3/15)

Altars:
Dithmenos
Okawaru
Trog
The Shining One


Innate Abilities, Weirdness & Mutations

You cannot wear armour.
You are incapable of wielding weapons or throwing items.
Your paws allow you to move quietly. (Stealth)
You have sharp claws.
You have razor-sharp teeth.
You have supernaturally acute eyesight. (SInv)
You are carnivorous and can eat meat at any time.
You cover ground quickly.
You are covered in fur. (AC +1)
You have a slow metabolism.
Your sharp claws are effective at attacking unaware monsters.
You are partially covered in molten scales. (AC +2)
You tend to lose your temper in combat.
You are resistant to hostile enchantments. (MR+)
You occasionally shout uncontrollably at your foes.


Message History

Press: ? - help, Shift-Dir - straight line, f/p - orc priest
Aim: an orc priest, wielding a hand axe (moderately wounded)
The sting hits the orc priest.
The orc priest is poisoned.
The orc priest is heavily wounded.
The orc priest hits you with a hand axe!
Ouch! That really hurt!
You scratch the orc priest.
The orc priest is severely wounded.
You scratch the orc priest.
The orc priest is severely wounded.
The orc priest misses you.
You barely miss the orc priest.
The orc priest is severely wounded.
The orc priest curses noisily.
The orc priest closely misses you.
You scratch the orc priest but do no damage.
The orc priest is severely wounded.
The orc priest hits you with a hand axe!
Ouch! That really hurt!
You die...

#.#
#.#
#.#
#.#
#.#
#[#
#.#
#.#
#@#
#o#
#.#
..#
###


You could see an orc priest.

Vanquished Creatures
  2 adders
  A worm (D:2)
  A leopard gecko (D:1)
  A giant cockroach (D:3)
  3 goblins (D:2)
  6 hobgoblins
  4 jackals (D:2)
  A ball python (D:2)
  3 bats
  13 frilled lizards
  7 kobolds
  6 rats
48 creatures vanquished.

Notes
Turn   | Place    | Note
-------+----------+-------------------------------------------
     0 | D:1      | HAWKINGL3623 the Felid Venom Mage began the quest for the Orb.
     0 | D:1      | Reached XP level 1. HP: 7/7 MP: 4/4
   913 | D:1      | Gained mutation: Your magical capacity is low. (-10% MP) [potion of mutation]
   913 | D:1      | Lost mutation: Your magical capacity is low. (-10% MP) [potion of mutation]
   913 | D:1      | Gained mutation: You are partially covered in molten scales. (AC +2) [potion of mutation]
   955 | D:1      | Reached XP level 2. HP: 11/11 MP: 3/6
  1276 | D:1      | Reached skill level 4 in Poison Magic
  1782 | D:2      | Gained mutation: You tend to lose your temper in combat. [potion of mutation]
  1782 | D:2      | Gained mutation: You occasionally shout uncontrollably at your foes. [potion of mutation]
  1782 | D:2      | Gained mutation: You are resistant to hostile enchantments. (MR+) [potion of mutation]
  1938 | D:1      | Reached XP level 3. HP: 4/14 MP: 0/7
  2213 | D:2      | Found an iron altar of Okawaru.
  2232 | D:2      | Became a worshipper of Warmaster Okawaru
  2286 | D:2      | Found a glowing golden altar of the Shining One.
  2482 | D:2      | Learned a level 3 spell: Mephitic Cloud
  2654 | D:2      | Found a shadowy altar of Dithmenos.
  3103 | D:2      | Reached skill level 1 in Unarmed Combat
  3261 | D:3      | Found a bloodstained altar of Trog.
  3395 | D:3      | Slain by an orc priest

Skill      XL: |  1  2  3 |
---------------+----------+-----
Poison Magic   | 4 |  4.1
Dodging        | 3 |  3.3
Unarmed Combat | 1 |  1.2
Fighting       | |  0.2
Stealth        | |  2.9
Spellcasting   | |  2.3
Conjurations   | |  0.6

Action                   || total
-------------------------++-------
Melee: Unarmed           ||   132
       Bite              ||     5
 Cast: Sting             ||    56
       Mephitic Cloud    ||     2
  Use: Scroll            ||    11
       Potion            ||     5
 Stab: Sleeping          ||     3
       Distracted        ||     1
  Eat: Chunk             ||     4
Armor: Skin              ||    18
Dodge: Dodged            ||   113
